 Dungeon Crawl Stone Soup version 0.30.1-3-gfc49f6343a (webtiles) character file.

Game seed: 8368756756059051968

8583 shmup the Arsonist (level 11, -12/72 HPs)
             Began as a Tengu Fire Elementalist on July 26, 2023.
             Was an Elder of Qazlal.
             Killed by an exploding killer bee (15 damage)
             ... ignited by their inner flame
             ... on level 9 of the Dungeon.
             The game lasted 00:42:08 (10428 turns).

shmup the Arsonist (Tengu Fire Elementalist)       Turns: 10428, Time: 00:42:08

Health: -12/72     AC:  2    Str:  9    XL:     11   Next: 33%
Magic:  9/15       EV: 26    Int: 19    God:    Qazlal [****..]
Gold:   548        SH:  5    Dex: 20    Spells: 2/14 levels left

rFire   + . .        b - staff of fire
rCold   + . .        (no shield)
rNeg    . . .        c - +0 robe
rPois   .            (helmet restricted)
rElec   .            (no cloak)
rCorr   .            (no gloves)
SInv    .            (boots unavailable)
Will    .....        z - amulet of magic regeneration
Stlth   +            C - ring "Ohoutyept" {Wiz rC+ Dex+5}
HPRegen 0.32/turn    N - +5 ring of evasion
MPRegen 0.54/turn

%: repel missiles, wizardry (x1)
@: lethally poisoned (-12 -> -22), flying quickly and evasively, studying
Fighting, quick
A: beak, talons 3, nimble flight
a: Renounce Religion, Upheaval, Elemental Force


You were on level 9 of the Dungeon.
You worshipped Qazlal.
Qazlal was greatly pleased with you.
You visited 1 branch of the dungeon, and saw 10 of its levels.

You collected 680 gold pieces.
You spent 132 gold pieces at shops.

Inventory:

Hand Weapons
 v - a +0 hand axe of freezing
 F - a +0 dagger
 J - a +2 short sword of venom
 O - a +2 trident of venom
 P - a +4 dagger of venom
Missiles
 f - 22 stones
 w - 8 boomerangs
 E - 20 poisoned darts (quivered)
 S - 4 javelins
 T - a curare-tipped dart
Armour
 c - a +0 robe (worn)
Magical Staves
 a - a staff of poison
 b - a staff of fire (weapon)
 R - a staff of death
Jewellery
 j - a ring of willpower
 k - a ring of positive energy
 t - a +6 ring of dexterity
 z - an amulet of magic regeneration (around neck)
 C - the ring "Ohoutyept" (left hand) {Wiz rC+ Dex+5}
   (You acquired it on level 7 of the Dungeon)

   [ring of wizardry]

   It improves your spell success rate.
   Dex:       It affects your dexterity (+5).
   rC:        It protects you from cold.
 L - an amulet of faith
 N - a +5 ring of evasion (right hand)
 U - a ring of see invisible
Wands
 y - a wand of polymorph (9)
 A - a wand of paralysis (16)
 G - a wand of flame (11)
Scrolls
 d - a scroll of blinking
 e - 4 scrolls of teleportation
 h - a scroll of torment {unknown}
 o - 2 scrolls of magic mapping
 q - a scroll of summoning
 r - 2 scrolls of noise
 u - a scroll of fear {unknown}
 D - a scroll of poison {unknown}
 H - a scroll of brand weapon {unknown}
 K - 2 scrolls of fog
 M - a scroll of amnesia
Potions
 g - a potion of heal wounds
 i - 4 potions of brilliance
 l - 2 potions of magic
 m - 3 potions of haste
 n - 3 potions of lignification
 p - 2 potions of mutation
 s - 5 potions of ambrosia
 x - 7 potions of curing
 B - 2 potions of flight
 I - a potion of attraction
 Q - a potion of might
 V - a potion of degeneration {unknown}


   Skills:
 + Level 9.6 Fighting
 + Level 8.1 Dodging
 - Level 2.0 Stealth
 - Level 2.0 Spellcasting
 + Level 10.3 Conjurations
 - Level 1.5 Hexes
 * Level 12.6 Fire Magic
 - Level 1.5 Earth Magic


You had 2 spell levels left.
You knew the following spells:

 Your Spells              Type           Power      Damage    Failure   Level
a - Foxfire               Conj/Fire      100%       2x1d9     1%          1
b - Scorch                Fire           100%       2d9       1%          2
c - Inner Flame           Hex/Fire       43%        N/A       1%          3
d - Volatile Blastmotes   Fire/Tloc      76%        2d16      1%          3
e - Stone Arrow           Conj/Erth      48%        3d10      1%          3

Your spell library contained the following spells:

 Spells                   Type           Power      Damage    Failure   Level
 Sandblast                Erth           14%        2d6       3%          1
 Slow                     Hex            28%        N/A       3%          1
 Sting                    Tmut/Pois      4%         1d3       7%          1
 Passwall                 Tmut/Erth      3%         N/A       8%          2
 Lesser Beckoning         Tloc           2%         N/A       11%         2
 Poisonous Vapours        Pois/Air       2%         N/A       11%         2
 Flame Wave               Conj/Fire      62%        2d14      1%          4
 Confusing Touch          Hex            7%         N/A       11%         3
 Gell's Gravitas          Tloc           1%         N/A       21%         3
 Teleport Other           Tloc           1%         N/A       21%         3
 Vampiric Draining        Necr           1%         2d6       21%         3
 Animate Dead             Necr           1%         N/A       52%         4
 Olgreb's Toxic Radiance  Pois           1%         N/A       52%         4
 Passage of Golubria      Tloc           1%         N/A       52%         4
 Borgnjor's Vile Clutch   Necr/Erth      2%         N/A       77%         5
 Silence                  Hex/Air        2%         N/A       77%         5
 Death Channel            Necr           0%         N/A       100%        6
 Lehudib's Crystal Spear  Conj/Erth      12%        10d4      100%        8


Dungeon Overview and Level Annotations

Branches:
Dungeon (10/15)            Temple (0/1) D:6            Lair (0/5) D:8
    Orc (0/2) D:9

Altars:
Hepliaklqana
Makhleb
Nemelex Xobeh
Qazlal
Wu Jian
Yredelemnul

Shops:
D:9 **[

Annotations:
D:3 1 runed translucent door, Crazy Yiuf
D:6 2 runed translucent doors, Fodor's ghost, amateur MiFi
D:7 exclusion: downstairs


Innate Abilities, Weirdness & Mutations

You have a beak for a mouth.
You have claws for feet.
Your magical nature lets you fly swiftly and evasively.


Message History

You block the killer bee's attack.
The killer bee attacks as you move away!
The killer bee completely misses you.
You feel very sick.
The killer bee is no longer more vulnerable to fire.
You block the killer bee's attack. The killer bee closely misses you.
You block the killer bee's attack.
There is a stone staircase leading up, spattered with blood here.
You feel very sick. The killer bee completely misses you.
The killer bee misses you. You block the killer bee's attack.
The killer bee misses you. The killer bee barely misses you.
You block the killer bee's attack.
You fly upwards.
Reactivating autopickup.
You feel very sick.
There is a stone staircase leading down, spattered with blood here.
Unknown command.
Casting: Scorch (safe; 1% risk of failure)
Confirm with . or Enter, or press ? or * to list all spells.
Okay, then.
Unknown command.
Unknown command.
Casting: Scorch (safe; 1% risk of failure)
Confirm with . or Enter, or press ? or * to list all spells.
You feel a surge of power!
Flames lash the killer bee.
Qazlal accepts your kill.
The killer bee explodes!
The fiery explosion engulfs you!! You resist.
* * * LOW HITPOINT WARNING * * *
You feel sick. The killer bee stings you.
* * * LOW HITPOINT WARNING * * *
You are more poisoned.
The killer bee poisons you!
The killer bee is engulfed in blazing flames.
Flame seeps out of the killer bee.
The killer bee barely misses you. The killer bee closely misses you.
The killer bee is engulfed in blazing flames.
Qazlal accepts your kill.
The killer bee explodes!
The fiery explosion engulfs you! You resist.
You die...

▒......▒▒..▒ ▒..▒ ...▒.▒.▒▒▒.▒▒
▒..▒
..▒▒▒.▒▒.▒▒.▒▒▒▒▒▒▒▒▒▒▒▒▒▒▒..▒▒▒▒
▒.▒...▒▒▒..▒▒....................
▒..▒▒.......▒..................▒▒
▒.▒▒..▒▒▒(▒▒▒▒▒...▒▒▒▒▒▒▒▒▒▒.\.▒
....▒.▒....▒▒▒▒#..▒ ▒▒..▒▒
▒..▒▒▒.▒▒(▒.)[▒.y#▒▒▒▒▒▒▒▒▒▒▒....
▒.▒....▒...▒▒..#Q#...............
.▒▒▒▒.▒▒▒▒▒▒▒.###☼#..............
▒▒ ▒▒▒▒▒▒▒▒▒▒.####0..............
▒▒▒▒.............................
.................................
............(▒▒▒▒▒▒▒▒▒▒▒▒▒▒▒.....
.............▒▒▒▒▒▒▒▒▒▒▒▒▒▒▒).▒▒▒
...▒▒▒▒▒......................▒▒▒
...▒}\}▒......................)..


You could see a killer bee.

Vanquished Creatures
  Erica (D:10)
  A two-headed ogre (D:8)
  Pikel (D:7)
  A troll (D:9)
  A kobold demonologist (D:9)
  2 shadows (D:9)
  A wyvern (D:8)
  7 yaks
  4 vampire mosquitoes
  A steam dragon (D:6)
  2 acid dragons
  2 black bears
  2 orc warriors
  3 ice beasts
  A sky beast (D:8)
  2 ogres
  2 centaurs
  A lemure (D:7)
  2 phantoms
  2 kobold brigands
  3 bullfrogs
  2 scorpions (D:5)
  2 gnoll sergeants
  15 wights
  3 troll zombies (D:9)
  13 killer bees
  A howler monkey (D:5)
  6 orc priests
  3 hounds
  2 iguanas (D:4)
  A sleepcap (D:4)
  Jessica (D:3)
  9 orc wizards
  3 ogre zombies (D:9)
  10 gnolls
  13 adders
  A white imp (D:6)
  2 ufetubi (D:6)
  A worm (D:5)
  A dart slug (D:2)
  41 orcs
  3 ball pythons
  3 endoplasms (D:4)
  3 giant cockroaches (D:1)
  9 goblins
  10 hobgoblins
  3 quokkas
  2 bats (D:1)
  4 frilled lizards
  A goblin skeleton (D:9)
  3 goblin zombies (D:9)
  3 hobgoblin skeletons (D:9)
  A hobgoblin zombie (D:9)
  17 kobolds
  An orc skeleton (D:9)
  10 orc zombies (D:9)
  6 rats
251 creatures vanquished.

Vanquished Creatures (collateral kills)
  A foxfire (D:9)
1 creature vanquished.

Vanquished Creatures (others)
  395 foxfires
395 creatures vanquished.

Grand Total: 647 creatures vanquished

Notes
Turn   | Place    | Note
-------+----------+-------------------------------------------
     0 | D:1      | shmup the Tengu Fire Elementalist began the quest for the
                  | Orb.
     0 | D:1      | Reached XP level 1. HP: 10/10 MP: 4/4
   162 | D:1      | Reached XP level 2. HP: 15/15 MP: 1/6
   659 | D:1      | Reached skill level 4 in Fire Magic
   909 | D:2      | Reached XP level 3. HP: 19/19 MP: 5/7
   932 | D:2      | Learned a level 2 spell: Scorch
  1789 | D:3      | Reached XP level 4. HP: 24/24 MP: 5/8
  1887 | D:3      | Noticed Jessica
  1892 | D:3      | Killed Jessica
  1893 | D:3      | Reached skill level 5 in Fire Magic
  2106 | D:3      | Gained mutation: Your magical nature lets you fly swiftly
                  | and evasively. [Tengu growth]
  2106 | D:3      | Reached XP level 5. HP: 28/28 MP: 4/9
  2238 | D:3      | Found a runed translucent door.
  2239 | D:3      | Noticed Crazy Yiuf
  2856 | D:4      | Reached skill level 6 in Fire Magic
  2856 | D:4      | Reached XP level 6. HP: 32/32 MP: 5/10
  3329 | D:4      | Found a stormy altar of Qazlal.
  3332 | D:4      | Became a worshipper of Qazlal Stormbringer
  3609 | D:5      | Entered Level 5 of the Dungeon
  3632 | D:5      | Reached skill level 1 in Fighting
  3701 | D:5      | Reached XP level 7. HP: 38/38 MP: 7/11
  3940 | D:5      | Reached skill level 5 in Conjurations
  3994 | D:5      | Reached skill level 7 in Fire Magic
  4392 | D:5      | Learned a level 3 spell: Inner Flame
  4511 | D:5      | Reached * piety under Qazlal
  4961 | D:6      | Reached XP level 8. HP: 40/45 MP: 12/12
  4981 | D:6      | Found a staircase to the Ecumenical Temple.
  4998 | D:6      | Reached skill level 1 in Hexes
  5092 | D:6      | Found a large runed translucent door.
  5092 | D:6      | Found a large runed translucent door.
  5094 | D:6      | Noticed Fodor's ghost (amateur MiFi)
  5319 | D:6      | Reached skill level 8 in Fire Magic
  5609 | D:7      | Found a hazy altar of Hepliaklqana.
  6094 | D:7      | Found a sparkling altar of Nemelex Xobeh.
  6113 | D:7      | Reached skill level 5 in Dodging
  6113 | D:7      | Reached XP level 9. HP: 52/52 MP: 8/13
  6121 | D:7      | Reached skill level 5 in Fighting
  6121 | D:7      | Reached skill level 9 in Fire Magic
  6261 | D:7      | Reached ** piety under Qazlal
  6850 | D:7      | Identified a scroll of acquirement
  6851 | D:7      | Acquired the ring "Ohoutyept" {Wiz rC+ Dex+5}
  6861 | D:7      | Learned a level 3 spell: Stone Arrow
  6933 | D:8      | Noticed a two-headed ogre
  6936 | D:8      | Killed a two-headed ogre
  6937 | D:8      | Reached skill level 1 in Earth Magic
  6951 | D:7      | Learned a level 3 spell: Volatile Blastmotes
  6977 | D:8      | Reached skill level 10 in Fire Magic
  6989 | D:8      | Noticed Pikel
  7008 | D:8      | Found a staircase to the Lair.
  7271 | D:7      | Reached XP level 10. HP: 33/61 MP: 10/14
  7369 | D:7      | Killed Pikel
  7864 | D:8      | Reached skill level 11 in Fire Magic
  7979 | D:8      | Reached *** piety under Qazlal
  7985 | D:8      | Found an ornate altar of the Wu Jian Council.
  8355 | D:9      | Noticed a kobold demonologist
  9019 | D:9      | Found Hedargh's Antique Armour Shoppe.
  9073 | D:9      | Noticed a rust devil
  9093 | D:9      | Found Dias's General Store.
  9111 | D:9      | Reached **** piety under Qazlal
  9115 | D:9      | Killed a kobold demonologist
  9232 | D:9      | Found Ximengoa's Specific Store.
  9243 | D:9      | Bought a scroll of teleportation for 36 gold pieces
  9243 | D:9      | Bought a potion of might for 48 gold pieces
  9243 | D:9      | Bought a scroll of fog for 48 gold pieces
  9439 | D:9      | Found a staircase to the Orcish Mines.
  9551 | D:9      | Found a basalt altar of Yredelemnul.
  9661 | D:9      | Reached skill level 12 in Fire Magic
  9661 | D:9      | Reached XP level 11. HP: 71/71 MP: 4/15
  9852 | D:10     | Entered Level 10 of the Dungeon
  9852 | D:10     | Noticed Erica
  9862 | D:9      | Reached skill level 10 in Conjurations
 10241 | D:10     | Killed Erica
 10318 | D:10     | Found a burning altar of Makhleb.
 10428 | D:9      | HP: 3/72 [killer bee (5)]
 10428 | D:9      | Killed by an exploding killer bee... ignited by their inner
                  | flame

Illustrated notes

Levels and vault maps discovered:
D:1:      dpeg_arrival_round_a, layout_basic
D:2:      layout_rooms, kennysheep_generic_room_9
D:3:      layout_basic, minmay_goblin_outpost, uniq_jessica,
          uniq_crazy_yiuf_cottage
D:4:      layout_cave_pods, lemuel_doored_altar, hangedman_decor_clover_reticule
D:5:      layout_basic, saegor_snake_ambush
D:6:      layout_cave_pools, minmay_temple_entry_arrows,
          ebering_ghost_disaster_area
D:7:      layout_layer_cave, mainiacjoe_overflow_concentric_impassable,
          amcnicky_altar_gilded, serial_bayou_ford_a, grunt_tough_drop
D:8:      layout_cave_pools, pdpol_wu_jian_five_deadly_venoms,
          david_lair_generic, grunt_ministairs_8, uniq_pikel
D:9:      layout_long_grid, old_standard_altar, zombieorc1_lemuel, serial_shops,
          shop, nicolae_specific_store, nrook_mini_vaults
D:10:     layout_cave_pools, tso_metal_star, mainiacjoe_overflow_alcove_4,
          small_statue_intersection, uniq_erica

Skill      XL: |  1  2  3  4  5  6  7  8  9 10 11 |
---------------+----------------------------------+-----
Conjurations   | 2 3 4 5 6 8 9 10 | 10.3
Fire Magic     | 4 5 6 7 8 10 12 | 12.6
Fighting       | 1 2 4 6 9 |  9.6
Dodging        | 3 5 6 7 8 |  8.1
Hexes          | 1 |  1.5
Earth Magic    | 1 |  1.5
Stealth        | |  2.0
Spellcasting   | |  2.0

Action                     |  1- 3 |  4- 6 |  7- 9 | 10-12 || total
---------------------------+-------+-------+-------+-------++-------
  Melee: Kick              |     3 |     5 |     9 |     1 ||    18
         Unarmed           |     1 |       |       |       ||     1
         Dagger            |     5 |       |       |       ||     5
         Peck              |     2 |       |     3 |     3 ||     8
         Staff             |       |     8 |    15 |     6 ||    29
  Throw: Boomerang         |       |       |     4 |     1 ||     5
   Cast: Foxfire           |    37 |    50 |    85 |    56 ||   228
         Scorch            |     5 |    18 |    44 |   118 ||   185
         Inner Flame       |       |       |    12 |    40 ||    52
         Stone Arrow       |       |       |     3 |     9 ||    12
         Volatile Blastmot |       |       |       |     7 ||     7
    Use: Scroll            |     5 |     4 |     6 |     4 ||    19
         Potion            |       |       |     1 |       ||     1
 Armour: Robe              |     1 |     4 |     1 |     2 ||     8
  Dodge: Dodged            |     9 |    11 |    48 |   177 ||   245
  Block: Other             |       |       |     1 |    29 ||    30
